 Dungeon Crawl Stone Soup version 0.23.0-3-gf3c87f2 (webtiles) character file.

Game seed: 5265703709915583546

685 Frank the Slasher (level 7, -4/49 HPs)
             Began as an Octopode Fighter on Feb 22, 2019.
             Was an Initiate of Makhleb.
             Slain by an ice beast (13 damage)
             ... on level 5 of the Dungeon.
             The game lasted 00:04:41 (4326 turns).

Frank the Slasher (Octopode Fighter)                Turns: 4326, Time: 00:04:42

Health: -4/49      AC:  1    Str: 16    XL:     7   Next: 62%
Magic:  7/7        EV: 13    Int: 10    God:    Makhleb [......]
Gold:   256        SH:  9    Dex: 13    Spells: 6/6 levels left

rFire    . . .     SeeInvis .   a - +1 long sword
rCold    . . .     Gourm    .   b - +0 shield
rNeg     . . .     Faith    .   (helmet restricted)
rPois    .         Spirit   .   f - amulet of rage
rElec    .         Reflect  .   (no ring)
rCorr    .         Harm     .   (no ring)
MR       .....                  (no ring)
Stlth    ++++......             (no ring)
HPRegen  0.16/turn              (no ring)
MPRegen  0.10/turn              (no ring)
                                (no ring)
                                (no ring)

@: no status effects
A: almost no armour, stealthy swim, amphibious, 8 rings, constrict 8, camouflage
1, gelatinous body 1
a: Renounce Religion, Evoke Berserk Rage


You were on level 5 of the Dungeon.
You worshipped Makhleb.
Makhleb was noncommittal.
You were not hungry.

You visited 1 branch of the dungeon, and saw 5 of its levels.

You collected 256 gold pieces.

Inventory:

Hand Weapons
 a - a +1 long sword (weapon)
Armour
 b - a +0 shield (worn)
Jewellery
 f - an amulet of rage (around mantle)
Wands
 c - a wand of digging (5)
Scrolls
 l - a scroll of fear
 m - a scroll of magic mapping
Potions
 e - 2 potions of lignification {unknown}
 g - a potion of magic {unknown}
 h - 2 potions of invisibility {unknown}
 i - a potion of cancellation {unknown}
 j - 2 potions of haste {unknown}
 k - 2 potions of curing {unknown}
 n - a potion of flight {unknown}
 o - a potion of ambrosia {unknown}
Comestibles
 d - 15 rations
 p - 2 chunks of flesh


   Skills:
 + Level 4.3 Fighting
 + Level 5.4 Long Blades
 + Level 4.2 Dodging
 + Level 4.2 Stealth
 + Level 4.3 Shields


You had 6 spell levels left.
You didn't know any spells.
Your spell library contained the following spells:

 Spells                   Type           Power        Failure   Level  Hunger
 Magic Dart               Conj           #...         83%         1    ##.....
 Searing Ray              Conj           #.....       92%         2    ###....
 Dazzling Spray           Conj/Hex       #.....       99%         3    ####...
 Force Lance              Conj/Tloc      #.......     100%        4    #####..
 Fulminant Prism          Conj/Hex       #.........   100%        4    #####..
 Iskenderun's Mystic Bla  Conj           #.......     100%        4    #####..


Dungeon Overview and Level Annotations

Branches:
Dungeon (5/15)
 Temple: D:4-7

Altars:
Elyvilon
Kikubaaqudgha
Makhleb

Shops:
D:4 :


Innate Abilities, Weirdness & Mutations

You cannot wear most types of armour.
You are very stealthy in the water. (Stealth+)
You are amphibious.
You can wear up to eight rings at the same time.
You can use your tentacles to constrict eight enemies at once.
Your skin changes colour to match your surroundings (Stealth+).
Your rubbery body absorbs attacks. (AC +1, EV +1)


Message History

The ice beast hits you. The ice beast freezes you! The ice beast hits you.
The ice beast freezes you!
* * * LOW HITPOINT WARNING * * *
You barely miss the ice beast.
The ice beast is lightly wounded.
You block the ice beast's attack.
You closely miss the ice beast. Your squeeze misses the ice beast.
The ice beast is lightly wounded.
The ice beast closely misses you.
You riposte.
You closely miss the ice beast. You squeeze the ice beast.
The ice beast is moderately wounded.
You slash the ice beast! You squeeze the ice beast.
The ice beast is severely wounded.
You block the ice beast's attack. The ice beast misses you.
You hit the ice beast but do no damage. Your squeeze misses the ice beast.
The ice beast is severely wounded.
The ice beast hits you.
* * * LOW HITPOINT WARNING * * *
The ice beast freezes you!
You die...

########..#
#........#
#........######
#.............#
#.........###.#
#.........#
#.........###
#########...#
#@>.# #...Y.#
#.##.## #. .# #
.# .# .# .#


You could see an ice beast.

Vanquished Creatures
  2 ogres
  A scorpion (D:5)
  2 crimson imps (D:5)
  4 hounds
  3 orc wizards
  An iguana (D:5)
  A worker ant (D:4)
  A worker ant zombie (D:5)
  7 adders
  An adder skeleton (D:5)
  A worm (D:3)
  4 dart slugs
  8 orcs
  7 bats
  3 giant cockroaches
  2 hobgoblins (D:1)
  6 jackals (D:3)
  7 kobolds
  A quokka (D:3)
  A ball python (D:4)
  2 frilled lizards (D:1)
  6 goblins
  A quokka skeleton (D:5)
  3 rats (D:2)
75 creatures vanquished.

Notes
Turn   | Place    | Note
-------+----------+-------------------------------------------
     0 | D:1      | Frank the Octopode Fighter began the quest for the Orb.
     0 | D:1      | Reached XP level 1. HP: 16/16 MP: 1/1
   213 | D:1      | Reached XP level 2. HP: 18/21 MP: 2/2
   972 | D:2      | Reached XP level 3. HP: 3/26 MP: 3/3
  1212 | D:2      | Reached skill level 1 in Stealth
  1512 | D:2      | Reached XP level 4. HP: 28/31 MP: 4/4
  1871 | D:3      | Noticed an ogre
  1919 | D:3      | Killed an ogre
  1919 | D:3      | Reached skill level 3 in Long Blades
  1919 | D:3      | Reached XP level 5. HP: 37/37 MP: 5/5
  2315 | D:3      | Reached XP level 6. HP: 33/43 MP: 6/6
  2655 | D:4      | Reached skill level 4 in Long Blades
  3449 | D:4      | Found Orchusmuta's Book Shoppe.
  3601 | D:5      | Entered Level 5 of the Dungeon
  3704 | D:5      | Reached XP level 7. HP: 44/48 MP: 7/7
  3714 | D:5      | Reached skill level 5 in Long Blades
  4019 | D:5      | Found a white marble altar of Elyvilon.
  4027 | D:5      | Found an ancient bone altar of Kikubaaqudgha.
  4172 | D:5      | Found a burning altar of Makhleb.
  4209 | D:5      | Became a worshipper of Makhleb the Destroyer
  4326 | D:5      | Slain by an ice beast

Skill      XL: |  1  2  3  4  5  6  7 |
---------------+----------------------+-----
Stealth        | 1 2 3 4 |  4.2
Long Blades    | 3 4 5 |  5.4
Shields        | 4 |  4.3
Fighting       | 4 |  4.3
Dodging        | 4 |  4.2

Action                   |  1- 3 |  4- 6 |  7- 9 || total
-------------------------+-------+-------+-------++-------
Melee: Long sword        |    57 |    64 |    38 ||   159
       Constrict         |    17 |    18 |    10 ||    45
       Tentacles         |     9 |    12 |    11 ||    32
  Use: Scroll            |     3 |     7 |       ||    10
       Potion            |       |     2 |       ||     2
 Stab: Sleeping          |     4 |     2 |     3 ||     9
  Eat: Chunk             |     1 |     4 |     2 ||     7
       Ration            |       |     1 |       ||     1
Armor: Skin              |     2 |     2 |     1 ||     5
Dodge: Dodged            |    34 |    30 |    11 ||    75
Block: Shield            |    25 |    29 |     9 ||    63
       Rpst.: Long sword |     8 |     7 |     4 ||    19
